 Dungeon Crawl Stone Soup version 0.31-a0-142-g31f6795574 (webtiles) character file.

Game seed: 3733966844274461330

356836 jlumianski the End of an Era (level 21, -11/200 HPs)
             Began as a Demonspawn Fighter on June 3, 2023.
             Was the Champion of Qazlal.
             Mangled by a vault warden
             ... wielding a +1 battleaxe of venom
              (14 damage)
             ... while paralysed by a sphinx
             ... on level 5 of the Vaults on June 4, 2023.
             The game lasted 03:58:35 (44512 turns).

jlumianski the End of an Era (Demonspawn Fighter)  Turns: 44512, Time: 03:58:40

Health: -11/200    AC: 38    Str: 41    XL:     21   Next: 40%
Magic:  34/34      EV:  2    Int: 15    God:    Qazlal [******]
Gold:   1053       SH:  0    Dex: 17    Spells: 20/20 levels left

rFire   . . .        H - +5 broad axe (flame)
rCold   + . .        Z - +6 tower shield of Cowardice {rElec Regen+}
rNeg    . . .        S - +7 crystal plate armour
rPois   +            X - +2 helmet {SInv}
rElec   +            g - +2 cloak of the Bells {Int+3 Dex+2}
rCorr   .            (gloves unavailable)
SInv    +            c - +0 pair of boots "Hinaj" {Rampage Str+3}
Will    .....        x - amulet of Psychosis {rElec rC+ Will- Regen+ Dex+3} Stlth
                     E - +6 ring of strength
HPRegen 13.13/turn   t - ring "Usan" {rPois rC+ Str+2 Int+2 Stlth+}
MPRegen 0.24/turn

%: repel missiles, rampage
@: paralysed, mighty, agile, protected from physical damage, corroded, studying
2 skills
A: repulsion field 3, powered by death 2, powered by pain 2, robust 2, demonic
touch 3, strong 1, cold vulnerability 1
}: 2/15 runes: serpentine, barnacled
a: Renounce Religion, Upheaval, Elemental Force, Disaster Area


You were on level 5 of the Vaults.
You worshipped Qazlal.
Qazlal was exalted by your worship.
You visited 6 branches of the dungeon, and saw 35 of its levels.
You also visited: Bailey, Ice Cave and Desolation.

You collected 4051 gold pieces.
You spent 2998 gold pieces at shops.

Inventory:

Hand Weapons
 p - the +3 war axe "Taiffoa" {flame, Int+4}
   (You found it on level 2 of the Lair of Beasts)

   Int:       It affects your intelligence (+4).
 w - the +3 long sword "Adyal" {drain, +Blink Dex+2 Stlth+}
   (You took it off an ironbound preserver on level 3 of the Vaults)

   Dex:       It affects your dexterity (+2).
   +Blink:    It lets you blink.
   Stlth:     It makes you more stealthy.
 G - a +4 broad axe of distortion
 H - a +5 broad axe of flaming (weapon)
 L - a +6 broad axe
Missiles
 e - 6 throwing nets
 q - 43 poisoned darts (quivered)
 B - 46 boomerangs
 K - 6 boomerangs of dispersal
Armour
 c - the +0 pair of boots "Hinaj" (worn) {Rampage Str+3}
   (You acquired it on level 12 of the Dungeon)

   Str:       It affects your strength (+3).
   Rampage:   It bestows one free step when moving towards enemies.
 g - the +2 cloak of the Bells (worn) {Int+3 Dex+2}
   (You found it in an ice cave)

   Int:       It affects your intelligence (+3).
   Dex:       It affects your dexterity (+2).
 S - a +7 crystal plate armour (worn)
 X - a +2 helmet of see invisible (worn)
 Z - the +6 tower shield of Cowardice (worn) {rElec Regen+}
   (You took it off Louise on level 4 of the Shoals)

   rElec:     It insulates you from electricity.
   Regen:     It increases your rate of health regeneration.
Magical Staves
 A - the staff of air "Siolonn" {rElec rF+ rCorr Int+4 Stlth-}
   (You found it on level 4 of the Vaults)

   [staff of air]

   Base accuracy: +5 Base damage: 5 Base attack delay: 1.2 This weapon's minimum
   attack delay (0.6) is reached at skill level 12.
   Int:       It affects your intelligence (+4).
   rF:        It protects you from fire.
   rElec:     It insulates you from electricity.
   rCorr:     It protects you from acid and corrosion.
   Stlth:     It makes you less stealthy.
   It falls into the 'Staves' category.
   It is a one-handed weapon.
Jewellery
 a - the ring "Milaqoli" {rF+ rN+ Str+2 Dex+2}
   (You found it in the Desolation of Salt)

   [ring of protection from fire]

   Str:       It affects your strength (+2).
   Dex:       It affects your dexterity (+2).
   rF:        It protects you from fire.
   rN:        It protects you from negative energy.
 b - the ring "Fivion" {Fly rPois Str+2 Dex+6}
   (You found it in the Desolation of Salt)

   [ring of dexterity]

   Str:       It affects your strength (+2).
   Dex:       It affects your dexterity (+6).
   rPois:     It protects you from poison.
   Fly:       It grants you flight.
 r - an amulet of reflection
 t - the ring "Usan" (right hand) {rPois rC+ Str+2 Int+2 Stlth+}
   (You found it on level 2 of the Dungeon)

   [ring of protection from cold]

   Str:       It affects your strength (+2).
   Int:       It affects your intelligence (+2).
   rC:        It protects you from cold.
   rPois:     It protects you from poison.
   Stlth:     It makes you more stealthy.
 u - a ring of resist corrosion
 x - the amulet of Psychosis (around neck) {rElec rC+ Will- Regen+ Dex+3}
   (You took it off a merfolk impaler on level 4 of the Shoals)

   [amulet of regeneration]

   Dex:       It affects your dexterity (+3).
   rC:        It protects you from cold.
   rElec:     It insulates you from electricity.
   Regen:     It increases your rate of health regeneration.
   Will:      It decreases your willpower.
 E - a +6 ring of strength (left hand)
 I - a ring of willpower
 R - a ring of protection from cold
Wands
 f - a wand of charming (22)
 k - a wand of mindburst (22)
 J - a wand of roots (27)
 U - a wand of acid (20)
 W - a wand of flame (45)
Scrolls
 h - a scroll of immolation
 i - 5 scrolls of fog
 l - 8 scrolls of teleportation
 n - 2 scrolls of silence
 v - 8 scrolls of poison
 y - 2 scrolls of magic mapping
 z - a scroll of blinking
 M - 5 scrolls of fear
 T - 2 scrolls of summoning
Potions
 d - 7 potions of might
 j - 10 potions of curing
 o - 10 potions of haste
 C - 4 potions of resistance
 D - 2 potions of cancellation
 O - 2 potions of berserk rage
 P - 13 potions of heal wounds
 Q - 2 potions of invisibility
Miscellaneous
 m - a condenser vane (inert)
 s - a box of beasts
 F - a phantom mirror


   Skills:
 + Level 14.8 Fighting
 - Level 17.9(18.0) Axes
 + Level 1.6(11.8) Polearms
 + Level 2.2 Throwing
 * Level 15.0 Armour
 * Level 11.9 Dodging
 - Level 2.2 Stealth
 + Level 16.7 Shields
 * Level 19.6 Invocations
 * Level 14.1 Evocations


You had 20 spell levels left.
You didn't know any spells.
Your spell library contained the following spells:

 Spells                   Type           Power      Damage    Failure   Level
 Beastly Appendage        Tmut           0%         N/A       98%         1
 Sandblast                Erth           0%         2d4       98%         1
 Slow                     Hex            0%         N/A       98%         1
 Sting                    Tmut/Pois      0%         1d3       98%         1
 Summon Small Mammal      Summ           0%         N/A       98%         1
 Cigotuvi's Dreadful Rot  Necr/Pois/Air  0%         N/A       99%         2
 Poisonous Vapours        Pois/Air       0%         N/A       99%         2
 Sublimation of Blood     Necr           0%         N/A       99%         2
 Wereblood                Tmut           0%         N/A       99%         2
 Call Canine Familiar     Summ           0%         N/A       100%        3
 Confusing Touch          Hex            0%         N/A       100%        3
 Dazzling Flash           Conj/Hex       0%         N/A       100%        3
 Frozen Ramparts          Ice            0%         1d1       100%        3
 Ignite Poison            Fire/Tmut/Pois 0%         N/A       100%        3
 Mephitic Cloud           Conj/Pois/Air  0%         N/A       100%        3
 Ozocubu's Armour         Ice            0%         N/A       100%        3
 Portal Projectile        Hex/Tloc       0%         N/A       100%        3
 Spider Form              Tmut/Pois      0%         N/A       100%        3
 Summon Guardian Golem    Hex/Summ       0%         N/A       100%        3
 Tukima's Dance           Hex            0%         N/A       100%        3
 Vampiric Draining        Necr           0%         2d6       100%        3
 Volatile Blastmotes      Fire/Tloc      0%         2d10      100%        3
 Airstrike                Air            0%         2d(0-16)  100%        4
 Anguish                  Hex/Necr       0%         N/A       100%        4
 Animate Armour           Summ/Erth      0%         N/A       100%        4
 Cause Fear               Hex            0%         N/A       100%        4
 Dispel Undead            Necr           0%         3d6       100%        4
 Fulminant Prism          Conj/Hex       0%         3d5       100%        4
 Ice Form                 Ice/Tmut       0%         N/A       100%        4
 Iskenderun's Mystic Bla  Conj/Tloc      0%         2d3       100%        4
 Leda's Liquefaction      Hex/Erth       0%         N/A       100%        4
 Olgreb's Toxic Radiance  Pois           0%         N/A       100%        4
 Passage of Golubria      Tloc           0%         N/A       100%        4
 Petrify                  Tmut/Erth      0%         N/A       100%        4
 Summon Ice Beast         Ice/Summ       0%         N/A       100%        4
 Freezing Cloud           Conj/Ice/Air   0%         6-21      100%        5
 Irradiate                Conj/Tmut      0%         3d11      100%        5
 Lee's Rapid Deconstruct  Erth           0%         3d4*      100%        5
 Metabolic Englaciation   Hex/Ice        0%         N/A       100%        5
 Summon Forest            Summ/Tloc      0%         N/A       100%        5
 Summon Mana Viper        Hex/Summ       0%         N/A       100%        5
 Yara's Violent Unravell  Hex/Tmut       0%         3d3       100%        5
 Conjure Ball Lightning   Conj/Air       0%         3x3d6     100%        6
 Death Channel            Necr           0%         N/A       100%        6
 Leda's Unmaking          Conj/Erth      0%         9d1       100%        6
 Statue Form              Tmut/Erth      0%         N/A       100%        6
 Summon Cactus Giant      Summ           0%         N/A       100%        6
 Dragon Form              Tmut           0%         N/A       100%        7
 Malign Gateway           Summ/Tloc      0%         N/A       100%        7
 Orb of Destruction       Conj           0%         9d5       100%        7
 Ozocubu's Refrigeration  Ice            0%         4d7       100%        7
 Spellforged Servitor     Conj/Summ      0%         N/A       100%        7
 Discord                  Hex            0%         N/A       100%        8
 Disjunction              Tloc           0%         N/A       100%        8
 Ignition                 Fire           0%         3d3       100%        8
 Summon Horrible Things   Summ           0%         N/A       100%        8
 Chain Lightning          Conj/Air       0%         N/A       100%        9
 Dragon's Call            Summ           0%         N/A       100%        9
 Fire Storm               Conj/Fire      0%         5d1       100%        9
 Shatter                  Erth           0%         3d5*      100%        9


Dungeon Overview and Level Annotations

Branches:
Dungeon (15/15)            Temple (0/1) D:7            Lair (5/5) D:10
 Shoals (4/4) Lair:3        Snake (4/4) Lair:3        Slime (0/5) Lair:4
    Orc (2/2) D:9             Elf (0/3) Orc:2        Vaults (5/5) D:13
  Crypt (0/3) Vaults:2     Depths (0/4) D:15         Bailey (visited)
  IceCv (visited)         Desolation (visited)

Altars:
Ashenzari
Cheibriados
Fedhas
Gozag
Kikubaaqudgha
Makhleb
Nemelex Xobeh
Okawaru
Qazlal
Ru
Uskayaw
Xom
Yredelemnul
Jiyva
Lugonu

Shops:
D:1 :   D:9 [   D:12 :   D:13 *   Orc:2 *(![   Shoals:1 !   Snake:2 =
Vaults:1 *

Portals:
Abyss: Shoals:2

Annotations:
Lair:4 1 runed translucent door


Innate Abilities, Weirdness & Mutations

You are surrounded by a strong repulsion field. (EV +4, RMsl)
You regenerate health from kills.
You sometimes gain power by taking damage.
You are very robust. (+20% HP)
Your touch may irresistibly damage your foes and sap their willpower.
Your muscles are strong. (Str +4, Int/Dex -1)
You are vulnerable to cold. (rC-)


Message History

The deep troll is engulfed in poison gas.
The deep troll looks even sicker.
The vault warden hits you with a +1 battleaxe of venom.
* * * LOW HITPOINT WARNING * * *
A phantasmal warrior comes into view.
The yaktaur captain is engulfed in poison gas.
The yaktaur captain looks even sicker.
The yaktaur captain wields a +0 arbalest.
The yaktaur captain shoots a bolt.
The bolt completely misses the ogre mage.
The bolt hits you but does no damage.
The vault warden looks as sick as possible!
The vault warden hits you but does no damage.
The frost giant is engulfed in poison gas.
The frost giant is poisoned.
The green very ugly thing punches you but does no damage.
The tengu reaver hits you with a +1 vampiric long sword.
* * * LOW HITPOINT WARNING * * *
The tengu reaver pecks you.
* * * LOW HITPOINT WARNING * * *
The tengu reaver claws you but does no damage.
The sphinx hits you but does no damage. The sphinx barely misses you.
The sphinx hits you.
* * * LOW HITPOINT WARNING * * *
You feel more protected from physical attacks.
The deep troll is engulfed in poison gas.
The deep troll looks even sicker.
The phantasmal warrior gestures at you.
The phantasmal warrior blinks!
A stone giant comes into view.
The orc knight hits you from afar with a +0 glaive!
* * * LOW HITPOINT WARNING * * *
The vault warden is engulfed in poison gas.
The vault warden looks as sick as possible!
The vault warden hits you from afar with a +3 halberd!
* * * LOW HITPOINT WARNING * * *
The frost giant is engulfed in poison gas.
The frost giant looks even sicker.
The vault warden hits you with a +1 battleaxe of venom!
You die...

.oT#....#
##§§#....###C
.§§#....#.B#
§§C§§.§C☼○#
#####T)T..§§.##
.....§o§cp§§...
..$.§.§OQ§.§...
.....T○@HL<....
.....☼pWu§.....
#####§.☼C☼...##
#.........#
.........##+.
#.#.##....# .
#...# #....#
.#.#. #....#


You could see a titan, a frost giant (very poisoned), a green very ugly thing, a
sphinx (extremely poisoned), 2 stone giants, 2 vault wardens, a tengu reaver, a
lich, a yaktaur captain (very poisoned), an entropy weaver (very poisoned), an
orc knight (very poisoned), an ogre mage (invisible, very poisoned), 4 deep
trolls, a phantasmal warrior and an orc (strong).

Vanquished Creatures
  Vashnia (Snake:1)
  A golden dragon (Vaults:3)
  Nikola (Snake:2)
  A tentacled monstrosity (Vaults:5)
  A hellephant (Vaults:3)
  The ghost of MrSquiggles the Brawler, an adept TrBe of Trog (Shoals:3)
  2 titans (Vaults:5)
  2 ancient champions (Vaults:2)
  Frances (Shoals:2)
  6 sphinxes
  A tengu reaver (Vaults:1)
  A shadow dragon (Vaults:5)
  5 nagarajas (Snake:4)
  Roxanne (Shoals:1)
  2 storm dragons
  Ilsuiw (Shoals:4)
  2 imperial myrmidons (Desolation)
  A revenant (Vaults:2)
  7 vault wardens
  Louise (Shoals:4)
  A frost giant (Shoals:3)
  Aizul (Snake:4)
  An angel (Vaults:3)
  5 orc warlords
  A balrug (Vaults:4)
  15 ironbound preservers
  2 formless jellyfish (Vaults:3)
  2 very ugly things (IceCv)
  4 stone giants
  4 ironbound thunderhulks
  The ghost of Cecillian the Skirmisher, a journeyman FoHu of Ashenzari (Snake:1)
  A halazid warlock (Desolation)
  2 dire elephants
  Snorg (D:11)
  An ettin (Vaults:5)
  The ghost of Jackthecabe the Nimble, a journeyman DgCj (Lair:2)
  A fire dragon (D:15)
  4 merfolk javelineers (Shoals:4)
  A crystal guardian (Desolation)
  10 merfolk impalers
  4 ragged hierophants (Desolation)
  An entropy weaver (Vaults:3)
  8 yaktaur captains
  An ice dragon (D:14)
  6 servants of whispers (Desolation)
  4 hydras
  6 great orbs of eyes
  A salamander tyrant (Snake:3)
  31 vault guards
  The ghost of TittyCrusher the Bludgeoner, a journeyman AtFi of Gozag (D:10)
  6 peacekeepers (Desolation)
  A caustic shrike simulacrum (IceCv)
  13 centaur warriors
  3 merfolk avatars
  10 ironbound frosthearts
  6 two-headed ogres
  The ghost of Drazool the Prestidigitator, a journeyman KoEn of Dithmenos (Lair:2)
  10 anacondas
  3 boulder beetles
  3 catoblepae
  4 tengu warriors
  3 death yaks (Lair:5)
  6 merfolk aquamancers
  2 alligator snapping turtles
  A satyr (Shoals:1)
  5 orc high priests (Orc:2)
  12 naga sharpshooters
  The ghost of Bediveer the Cleaver, a novice DsFi of Makhleb (D:9)
  A shock serpent (shapeshifter) (D:12)
  6 naga warriors
  9 shock serpents
  A wretched star (Shoals:2)
  The ghost of osoart the Ducker, a novice DrVM of Hepliaklqana (D:7)
  14 hell knights
  6 salamander mystics
  12 sea snakes
  3 skysharks
  43 deep trolls
  7 naga ritualists
  15 orc knights
  2 orange crystal statues (IceCv)
  A phantasmal warrior (Vaults:4)
  2 wizards
  16 harpies
  A harpy (shapeshifter) (D:15)
  The ghost of Laraso the Basher, a novice AtBe of Trog (D:6)
  A deep elf pyromancer (D:15)
  17 ironbound convokers
  12 lindwurms
  7 orc sorcerers
  13 ugly things
  A faun (Shoals:1)
  5 mana vipers
  10 cyclopes
  11 elephants
  16 manticores
  14 salamanders
  2 apocalypse crabs (Shoals:2)
  31 black mambas
  9 guardian serpents
  13 merfolk sirens
  A torpor snail (Lair:4)
  14 naga magi
  12 vault sentinels
  A molten gargoyle (Desolation)
  An ice statue (D:8)
  4 water nymphs
  Maggie (Lair:2)
  9 cane toads
  2 gargoyles
  3 rime drakes
  2 unseen horrors (D:12)
  An unseen horror zombie (D:9)
  21 yaktaurs
  9 komodo dragons
  6 ice devils (D:8)
  A komodo dragon (shapeshifter) (Shoals:2)
  2 efreet
  3 golden dragon simulacra (IceCv)
  6 freezing wraiths
  2 tengu conjurers (D:15)
  3 anaconda simulacra (IceCv)
  A polar bear (shapeshifter) (D:14)
  10 trolls
  36 merfolk
  2 hornets (Lair:5)
  50 saltlings (Desolation)
  10 polar bears
  13 blink frogs
  A snapping turtle (shapeshifter) (Vaults:4)
  16 dream sheep
  5 snapping turtles
  A raiju (Lair:5)
  5 wind drakes
  41 slime creatures
  A shadow (D:9)
  A culicivora (shapeshifter) (D:14)
  A culicivora (Vaults:3)
  8 water elementals
  A vampire (D:13)
  8 wyverns
  A basilisk (shapeshifter) (D:14)
  16 yaks
  9 basilisks
  2 chaos spawn (Shoals:2)
  A neqoxec (Shoals:2)
  3 steam dragons
  Eustachio (D:4)
  A redback (Vaults:3)
  40 nagas
  A naga (shapeshifter) (D:13)
  8 wargs
  An acid dragon (D:9)
  A floating eye (shapeshifter) (Shoals:4)
  16 hell hounds (Lair:5)
  A hydra simulacrum (IceCv)
  14 water moccasins
  3 ice beasts
  13 black bears
  3 sky beasts
  2 ettin simulacra (IceCv)
  50 orc warriors
  An alligator simulacrum (IceCv)
  30 wolves
  6 centaurs
  9 ogres (Orc:2)
  A phantom (D:7)
  3 kobold brigands
  6 bullfrogs
  2 scorpions
  3 gnoll sergeants
  2 lindwurm simulacra (IceCv)
  4 killer bees
  4 electric eels
  12 howler monkeys
  11 hounds
  4 jellies
  35 orc priests
  Crazy Yiuf (D:5)
  2 gnoll boudas
  4 iguanas
  4 sleepcaps
  Natasha (thrice) (D:4)
  28 orc wizards
  A boggart simulacrum (D:14)
  A howler monkey zombie (D:9)
  42 gnolls
  8 adders
  A shadow imp (D:4)
  2 white imps
  7 ufetubi
  2 worms (D:3)
  3 dart slugs
  156 orcs
  7 endoplasms
  3 giant cockroaches
  6 goblins
  5 hobgoblins
  15 jackals
  3 quokkas
  6 ball pythons
  4 bats
  2 frilled lizards
  12 kobolds
  2 rats
  3 butterflies (Lair:3)
  A spectral weapon (Snake:4)
1523 creatures vanquished.

Vanquished Creatures (collateral kills)
  The ghost of avis the Naga Aeon, an adept NaTm of Cheibriados (Snake:1)
  An imperial myrmidon (Desolation)
  An angel (Vaults:3)
  An ironbound thunderhulk (Vaults:3)
  A halazid warlock (Desolation)
  A crystal guardian (Desolation)
  2 yaktaur captains
  3 ragged hierophants (Desolation)
  2 servants of whispers (Desolation)
  A salamander tyrant (Snake:3)
  A naga warrior (Snake:4)
  A naga sharpshooter (Snake:4)
  2 ironbound convokers (Desolation)
  An ugly thing (Vaults:2)
  An orc knight (Orc:2)
  A salamander (Snake:3)
  A worldbinder (Shoals:2)
  A black mamba (Snake:2)
  A guardian serpent (Snake:4)
  A cane toad (Lair:2)
  A yaktaur (Vaults:2)
  A blink frog (Lair:2)
  A polar bear (Lair:5)
  4 saltlings (Desolation)
  2 slime creatures (Vaults:2)
  A water moccasin (Lair:2)
  5 orc warriors (Orc:2)
  A black bear (Lair:5)
  An ettin simulacrum (IceCv)
  A lindwurm simulacrum (IceCv)
  2 jellies (Lair:1)
  An orc priest (Orc:2)
  An orc wizard (Orc:2)
  2 orcs (Orc:2)
49 creatures vanquished.

Vanquished Creatures (others)
  A deep elf death mage (Vaults:2)
  A sea snake (Shoals:4)
  A deep troll (Vaults:2)
  A wizard (Vaults:2)
  A manticore (Shoals:3)
  A yaktaur (Vaults:2)
  A warg (Lair:5)
  A centaur (D:15)
  An orc wizard (D:5)
  An ufetubus (D:8)
  An orc (D:5)
11 creatures vanquished.

Grand Total: 1583 creatures vanquished

Notes
Turn   | Place    | Note
-------+----------+-------------------------------------------
     0 | D:1      | jlumianski the Demonspawn Fighter began the quest for the
                  | Orb.
     0 | D:1      | Reached XP level 1. HP: 18/18 MP: 1/1
   243 | D:1      | Found a faded altar of an unknown god.
   407 | D:1      | Gained mutation: You sometimes gain a little power by
                  | taking damage. [demonic ancestry]
   407 | D:1      | Reached XP level 2. HP: 22/24 MP: 2/2
   531 | D:1      | Found Ustis's Book Emporium.
   949 | D:2      | Gained mutation: Your touch may inflict minor irresistible
                  | damage on your foes. [demonic ancestry]
   949 | D:2      | Reached XP level 3. HP: 29/29 MP: 3/3
  1015 | D:2      | Identified the ring "Usan" {rPois rC+ Str+2 Int+2 Stlth+}
  1461 | D:3      | Gained mutation: Your touch may inflict irresistible damage
                  | on your foes. [demonic ancestry]
  1461 | D:3      | Reached XP level 4. HP: 32/35 MP: 4/4
  1578 | D:3      | Noticed a scorpion
  1583 | D:3      | Killed a scorpion
  1584 | D:3      | Reached XP level 5. HP: 36/41 MP: 5/5
  1864 | D:3      | Reached skill level 1 in Dodging
  2156 | D:5      | Entered Level 5 of the Dungeon
  2186 | D:4      | Noticed Eustachio
  2206 | D:4      | Killed Eustachio
  2207 | D:4      | Gained mutation: You regenerate a little health from kills.
                  | [demonic ancestry]
  2207 | D:4      | Reached XP level 6. HP: 36/48 MP: 6/6
  2264 | D:4      | Noticed Natasha
  2277 | D:4      | Killed Natasha
  2533 | D:4      | Noticed Natasha
  2543 | D:4      | Killed Natasha
  3074 | D:4      | Noticed Natasha
  3092 | D:4      | Killed Natasha
  3240 | D:4      | Gained mutation: You are surrounded by a mild repulsion
                  | field. (EV +2) [demonic ancestry]
  3240 | D:4      | Reached XP level 7. HP: 40/54 MP: 7/7
  3329 | D:5      | Found a snail-covered altar of Cheibriados.
  3444 | D:5      | Reached skill level 5 in Axes
  3633 | D:5      | Found a stormy altar of Qazlal.
  3647 | D:5      | Became a worshipper of Qazlal Stormbringer
  3661 | D:5      | Found a blossoming altar of Fedhas.
  4009 | D:4      | Gained mutation: You are surrounded by a moderate repulsion
                  | field. (EV +3) [demonic ancestry]
  4009 | D:4      | Reached XP level 8. HP: 60/61 MP: 8/8
  4193 | D:5      | Reached * piety under Qazlal
  4194 | D:5      | Reached skill level 5 in Shields
  4376 | D:4      | Reached skill level 1 in Invocations
  4525 | D:5      | Found a runed translucent door.
  4526 | D:5      | Noticed Crazy Yiuf
  4819 | D:5      | Reached skill level 2 in Invocations
  5072 | D:5      | Killed Crazy Yiuf
  5182 | D:6      | Found an opulent altar of Gozag.
  5261 | D:6      | Found a shimmering altar of Xom.
  5569 | D:5      | Reached ** piety under Qazlal
  5570 | D:5      | Reached skill level 3 in Invocations
  5952 | D:6      | Identified the +4 trident "Luz Adgh" {venom, rC++ Will-}
  5993 | D:6      | Found a transporter.
  5993 | D:6      | Found a transporter.
  6001 | D:6      | Noticed Laraso's ghost (novice AtBe)
  6352 | D:6      | Killed Laraso's ghost
  6353 | D:6      | Reached skill level 5 in Armour
  6353 | D:6      | Reached skill level 4 in Invocations
  6353 | D:6      | Reached XP level 9. HP: 54/67 MP: 10/12
  6728 | D:6      | Identified the ring of Puarogoth {rF+ Str+3 Int-4 SInv}
  6830 | D:7      | Reached skill level 5 in Fighting
  6976 | D:7      | Found a staircase to the Ecumenical Temple.
  7072 | D:7      | Reached skill level 5 in Invocations
  7136 | D:8      | Noticed an ice devil
  7162 | D:8      | Identified the +0 ring mail "Zeahum" {Int+2}
  7223 | D:8      | Found a flagged portal.
  7228 | Bailey   | Entered a bailey
  7367 | Bailey   | Noticed an orc knight
  7373 | Bailey   | Killed an orc knight
  7374 | Bailey   | Reached skill level 6 in Invocations
  7374 | Bailey   | Gained mutation: You sometimes gain power by taking damage.
                  | [demonic ancestry]
  7374 | Bailey   | Reached XP level 10. HP: 74/74 MP: 4/14
  7441 | Bailey   | Noticed an orc knight
  7458 | Bailey   | HP: 2/74 [orc warrior/+0 halberd (8)]
  7460 | Bailey   | Killed an orc knight
  7693 | Bailey   | Noticed an orc knight
  7711 | Bailey   | Killed an orc knight
  7798 | D:8      | Noticed osoart's ghost (novice DrVM)
  7799 | D:8      | Found a runed translucent gate.
  7799 | D:8      | Found a runed translucent gate.
  7799 | D:8      | Found a runed translucent gate.
  7919 | D:7      | Reached skill level 7 in Invocations
  8418 | D:7      | Found a sparkling altar of Nemelex Xobeh.
  8529 | D:8      | Reached skill level 1 in Throwing
  8619 | D:8      | Noticed an ice statue
  8818 | D:8      | Found a hide-covered altar of Uskayaw.
  8818 | D:8      | Found an iron altar of Okawaru.
  9186 | D:8      | Identified the +5 ring mail of the Orb Guardian {rN+ rCorr}
  9399 | D:7      | Killed osoart's ghost
  9623 | D:8      | Killed an ice statue
  9630 | D:8      | Reached skill level 1 in Polearms
  9630 | D:8      | Reached skill level 8 in Invocations
  9640 | D:8      | Reached XP level 11. HP: 55/81 MP: 9/17
  9816 | D:9      | Found a sacrificial altar of Ru.
  9895 | D:9      | Found an ancient bone altar of Kikubaaqudgha.
  9921 | D:9      | Found Hyeteun's Antique Armour Shoppe.
  9927 | D:9      | Noticed a two-headed ogre
  9952 | D:9      | Killed a two-headed ogre
  9977 | D:9      | Noticed a two-headed ogre
  9977 | D:9      | Found the +6 shillelagh "Devastator" {shatter}
 10005 | D:9      | Killed a two-headed ogre
 10006 | D:9      | Reached skill level 10 in Shields
 10217 | D:9      | Reached *** piety under Qazlal
 10490 | D:9      | Found a runed translucent gate.
 10490 | D:9      | Found a runed translucent gate.
 10490 | D:9      | Found a runed translucent gate.
 10490 | D:9      | Noticed Bediveer's ghost (novice DsFi)
 10525 | D:9      | Found a basalt altar of Yredelemnul.
 10639 | D:9      | Found a staircase to the Orcish Mines.
 10648 | D:9      | Reached skill level 9 in Invocations
 10672 | D:8      | Reached skill level 10 in Axes
 10967 | D:9      | Killed Bediveer's ghost
 11060 | D:10     | Entered Level 10 of the Dungeon
 11123 | D:10     | Found a broken altar of Ashenzari.
 11226 | D:10     | Noticed a centaur warrior
 11229 | D:10     | Killed a centaur warrior
 11230 | D:10     | Reached skill level 1 in Evocations
 11396 | D:10     | Found a staircase to the Lair.
 11415 | Lair:1   | Entered Level 1 of the Lair of Beasts
 11513 | D:10     | Identified the +3 quarterstaff of Kaopt {venom, rPois rF++
                  | Will-}
 11818 | D:10     | Found a burning altar of Makhleb.
 12009 | D:11     | Noticed a two-headed ogre
 12019 | D:11     | Killed a two-headed ogre
 12019 | D:11     | Reached **** piety under Qazlal
 12113 | D:11     | Reached XP level 12. HP: 91/91 MP: 19/19
 12318 | D:11     | Noticed a boulder beetle
 12331 | D:11     | Killed a boulder beetle
 12332 | D:11     | Reached skill level 10 in Invocations
 12581 | D:11     | Noticed Snorg
 12597 | D:11     | Killed Snorg
 13186 | D:12     | Found Uxomaup's Book Shop.
 13205 | D:12     | Identified a scroll of acquirement
 13206 | D:12     | Acquired the +0 pair of boots "Hinaj" {Rampage Str+3}
 13821 | D:13     | Found Pogejac's General Store.
 13828 | D:13     | Noticed a two-headed ogre
 13873 | D:12     | Killed a two-headed ogre
 13938 | D:13     | Bought a scroll of enchant armour for 82 gold pieces
 13938 | D:13     | Bought a scroll of identify for 22 gold pieces
 13938 | D:13     | Bought a potion of might for 44 gold pieces
 14077 | D:13     | Noticed a six-headed hydra
 14084 | D:13     | Killed a three-headed hydra
 14085 | D:13     | Noticed a centaur warrior
 14094 | D:13     | Killed a centaur warrior
 14285 | D:13     | Found a gate to the Vaults.
 14285 | D:13     | Noticed a vault guard
 14285 | D:13     | Noticed a vault guard
 14286 | D:13     | Noticed a vault guard
 14289 | D:13     | Noticed a vault guard
 14304 | D:12     | Reached skill level 11 in Invocations
 14571 | Lair:1   | Gained mutation: You are robust. (+10% HP) [demonic
                  | ancestry]
 14571 | Lair:1   | Reached XP level 13. HP: 82/107 MP: 21/21
 14754 | Lair:1   | Found a runed translucent gate.
 14754 | Lair:1   | Found a runed translucent gate.
 14754 | Lair:1   | Found a runed translucent gate.
 14756 | Lair:1   | Noticed TittyCrusher's ghost (journeyman AtFi)
 14841 | Lair:1   | Reached ***** piety under Qazlal
 15179 | Lair:1   | Found a viscous altar of Jiyva.
 15242 | Lair:2   | Reached skill level 5 in Evocations
 15324 | Lair:2   | Identified the +5 rapier "Doifal" {heavy, rElec Will+ Str-3
                  | SInv}
 15519 | Lair:2   | Noticed Maggie
 15529 | Lair:2   | Killed Maggie
 15666 | Lair:2   | Found a runed translucent gate.
 15667 | Lair:2   | Found a runed translucent gate.
 15667 | Lair:2   | Found a runed translucent gate.
 15723 | Lair:2   | Noticed Jackthecabe's ghost (journeyman DgCj)
 15724 | Lair:2   | Noticed Drazool's ghost (journeyman KoEn)
 15736 | Lair:2   | Killed Drazool's ghost
 15747 | Lair:2   | Killed Jackthecabe's ghost
 15752 | Lair:2   | Identified the +3 war axe "Taiffoa" {flame, Int+4}
 16133 | D:10     | Killed TittyCrusher's ghost
 16168 | D:10     | Gained mutation: You are vulnerable to cold. (rC-) [potion
                  | of mutation]
 16168 | D:10     | Gained mutation: Your muscles are strong. (Str +4, Int/Dex
                  | -1) [potion of mutation]
 16458 | Lair:3   | Reached skill level 12 in Invocations
 16980 | Lair:3   | Gained mutation: Your touch may irresistibly damage your
                  | foes and sap their willpower. [demonic ancestry]
 16980 | Lair:3   | Reached XP level 14. HP: 118/118 MP: 23/23
 17146 | Lair:3   | Found a staircase to the Shoals.
 17426 | Lair:3   | Found a staircase to the Snake Pit.
 17600 | Lair:4   | Reached skill level 13 in Invocations
 18266 | Lair:4   | Gained mutation: You regenerate health from kills. [demonic
                  | ancestry]
 18266 | Lair:4   | Reached XP level 15. HP: 108/124 MP: 24/24
 18310 | Lair:4   | Found a runed translucent door.
 18311 | Lair:4   | Found a viscous altar of Jiyva.
 18311 | Lair:4   | Noticed an acid blob
 18312 | Lair:4   | Noticed an acid blob
 18482 | Lair:4   | Found a staircase to the Slime Pits.
 18774 | Lair:5   | Entered Level 5 of the Lair of Beasts
 19196 | Lair:5   | Reached skill level 1 in Stealth
 19214 | Lair:5   | Reached ****** piety under Qazlal
 19564 | Lair:5   | Reached skill level 14 in Invocations
 20158 | Orc:1    | Entered Level 1 of the Orcish Mines
 20353 | Orc:2    | Entered Level 2 of the Orcish Mines
 21004 | Orc:2    | Reached skill level 5 in Dodging
 21144 | Orc:2    | Found Buffapour's Assorted Antiques.
 21209 | Orc:2    | Found Loububri's Weapon Shoppe.
 21315 | Orc:2    | Bought a condenser vane for 960 gold pieces
 21554 | Orc:2    | Reached skill level 10 in Fighting
 21656 | Orc:2    | Found a staircase to the Elven Halls.
 22691 | Orc:2    | Gained mutation: You are surrounded by a strong repulsion
                  | field. (EV +4, RMsl) [demonic ancestry]
 22691 | Orc:2    | Reached XP level 16. HP: 134/134 MP: 26/26
 22706 | Orc:2    | Found Rerain's Antique Armour Emporium.
 22716 | Orc:2    | Found Letu's Distillery.
 22722 | Orc:2    | Bought a potion of heal wounds for 75 gold pieces
 22722 | Orc:2    | Bought a potion of might for 60 gold pieces
 22722 | Orc:2    | Bought 2 potions of heal wounds for 150 gold pieces
 22722 | Orc:2    | Bought a potion of heal wounds for 75 gold pieces
 22722 | Orc:2    | Bought a potion of heal wounds for 75 gold pieces
 22722 | Orc:2    | Bought a potion of resistance for 150 gold pieces
 23669 | D:15     | Entered Level 15 of the Dungeon
 24411 | D:15     | Reached skill level 15 in Invocations
 24423 | D:15     | Got Sif Muna's Disquisition on Bad Luck and Lightning
 24829 | D:15     | Reached skill level 15 in Axes
 25158 | D:15     | Found a staircase to the Depths.
 25459 | Orc:2    | Bought a phantom mirror for 960 gold pieces
 25651 | Snake:1  | Entered Level 1 of the Snake Pit
 25833 | Snake:2  | Noticed Vashnia
 25956 | Snake:1  | Found a runed translucent gate.
 25956 | Snake:1  | Found a runed translucent gate.
 25957 | Snake:1  | Found a runed translucent gate.
 25968 | Snake:1  | Noticed avis's ghost (adept NaTm)
 25969 | Snake:1  | Noticed Cecillian's ghost (journeyman FoHu)
 25985 | Snake:1  | Killed avis's ghost
 25994 | Snake:1  | Killed Cecillian's ghost
 27080 | Snake:1  | Killed Vashnia
 27163 | Snake:2  | Reached skill level 10 in Evocations
 27391 | Snake:2  | Noticed Nikola
 27402 | Snake:2  | Killed Nikola
 27670 | Snake:3  | Reached skill level 10 in Armour
 27670 | Snake:3  | Gained mutation: You are very robust. (+20% HP) [demonic
                  | ancestry]
 27670 | Snake:3  | Reached XP level 17. HP: 137/157 MP: 24/28
 27719 | Snake:3  | Found a frozen archway.
 27777 | IceCv    | Entered an ice cave
 27819 | IceCv    | Identified the +2 cloak of the Bells {Int+3 Dex+2}
 28044 | IceCv    | Reached skill level 16 in Invocations
 28342 | IceCv    | Got the Volume of Vexing Command
 28834 | Snake:2  | Found Vivium's Jewellery Boutique.
 29336 | Snake:4  | Entered Level 4 of the Snake Pit
 30961 | Snake:4  | Noticed Aizul
 31696 | Snake:4  | Killed Aizul
 32465 | Snake:4  | Reached XP level 18. HP: 156/168 MP: 25/30
 32659 | Snake:4  | Got a serpentine rune of Zot
 32933 | Shoals:1 | Entered Level 1 of the Shoals
 32937 | Shoals:1 | Identified the +0 chain mail of Pride {Will+}
 33465 | Shoals:1 | Noticed Roxanne
 33485 | Shoals:1 | Killed Roxanne
 33693 | Shoals:1 | Identified the staff of poison "Geemp" {rPois Will+ rCorr
                  | Stlth+}
 33905 | Shoals:1 | Found Bigac's Distillery.
 33913 | Shoals:1 | Bought a potion of heal wounds for 75 gold pieces
 33913 | Shoals:1 | Bought a potion of mutation for 120 gold pieces
 34272 | Shoals:4 | Entered Level 4 of the Shoals
 34314 | Shoals:3 | Reached skill level 17 in Invocations
 34579 | Shoals:3 | Found a runed translucent gate.
 34580 | Shoals:3 | Found a runed translucent gate.
 34580 | Shoals:3 | Noticed MrSquiggles's ghost (adept TrBe)
 35075 | Shoals:2 | Found a runed translucent door.
 35087 | Shoals:2 | Noticed Frances
 35108 | Shoals:2 | Killed Frances
 35155 | Shoals:2 | Found a corrupted altar of Lugonu.
 35157 | Shoals:2 | Found a one-way gate to the infinite horrors of the Abyss.
 35765 | Shoals:4 | Identified the +6 tower shield of Cowardice {rElec Regen+}
 35765 | Shoals:4 | Noticed Louise
 35948 | Shoals:3 | Found a runed translucent gate.
 36336 | Shoals:3 | Killed MrSquiggles's ghost
 36398 | Shoals:3 | Identified the +0 pair of boots of Shielding {Str+4 Int+3}
 36525 | Shoals:4 | Killed Louise
 36841 | Shoals:4 | Identified the amulet of Psychosis {rElec rC+ Will- Regen+
                  | Dex+3}
 37275 | Shoals:4 | Identified the staff of earth "Nixet" {rCorr}
 37474 | Shoals:4 | Noticed Ilsuiw
 37489 | Shoals:4 | Killed Ilsuiw
 37703 | Shoals:4 | Got a barnacled rune of Zot
 38098 | Vaults:1 | Entered Level 1 of the Vaults
 38122 | Vaults:1 | Reached XP level 19. HP: 166/177 MP: 31/31
 38280 | Vaults:1 | Found Avenojuw's Assorted Antiques.
 38300 | Vaults:1 | Bought a thick diamond amulet for 150 gold pieces
 38446 | Vaults:1 | Reached skill level 10 in Dodging
 38769 | Vaults:1 | You are sucked into a shaft and drop 1 floor!
 39029 | Vaults:2 | Reached skill level 18 in Invocations
 39581 | Vaults:2 | Found a staircase to the Crypt.
 39665 | Vaults:3 | Found a crumbling gateway.
 39784 | Desolati | Entered the Desolation of Salt
 39898 | Desolati | Reached XP level 20. HP: 167/181 MP: 33/33
 39916 | Desolati | Reached skill level 15 in Shields
 40034 | Desolati | Found the -2 hat of the Alchemist {rElec rPois rF+ rC+ rN+
                  | Will+ rMut rCorr}
 40072 | Desolati | Got Sif Muna's Excursus on Singed Earth
 40073 | Desolati | Identified the +5 great sword "Gram" {freeze, rPois}
 40157 | Desolati | Identified the +4 scimitar of Epsetudi {flame, rF+ rCorr
                  | SInv}
 40172 | Desolati | Identified the +2 leather armour of the Armoured One {*Slow
                  | rC++ rN++}
 40177 | Desolati | Identified the ring "Milaqoli" {rF+ rN+ Str+2 Dex+2}
 40301 | Desolati | Identified the ring "Fivion" {Fly rPois Str+2 Dex+6}
 41607 | Vaults:3 | Noticed a golden dragon
 41655 | Vaults:3 | Killed a golden dragon
 42627 | Vaults:3 | Identified the +3 long sword "Adyal" {drain, +Blink Dex+2
                  | Stlth+}
 42645 | Vaults:3 | Reached skill level 19 in Invocations
 43354 | Vaults:4 | Identified the staff of air "Siolonn" {rElec rF+ rCorr
                  | Int+4 Stlth-}
 43784 | Vaults:4 | Found a huge runed gate.
 43784 | Vaults:4 | Found a huge runed gate.
 43784 | Vaults:4 | Found a huge runed gate.
 43784 | Vaults:4 | Found a huge runed gate.
 43784 | Vaults:4 | Found a huge runed gate.
 43784 | Vaults:4 | Found a huge runed gate.
 43785 | Vaults:4 | Found a huge runed gate.
 43785 | Vaults:4 | Found a huge runed gate.
 43785 | Vaults:4 | Found a huge runed gate.
 43785 | Vaults:4 | Found a huge runed gate.
 43788 | Vaults:4 | Found a huge runed gate.
 43788 | Vaults:4 | Found a huge runed gate.
 43788 | Vaults:4 | Found a huge runed gate.
 43788 | Vaults:4 | Found a huge runed gate.
 43788 | Vaults:4 | Found a huge runed gate.
 43788 | Vaults:4 | Found a huge runed gate.
 43789 | Vaults:4 | Found a huge runed gate.
 43790 | Vaults:4 | Found a huge runed gate.
 43791 | Vaults:4 | Found a huge runed gate.
 43799 | Vaults:4 | Found a huge runed gate.
 43799 | Vaults:4 | Found a huge runed gate.
 43799 | Vaults:4 | Found a huge runed gate.
 43799 | Vaults:4 | Found a huge runed gate.
 43799 | Vaults:4 | Found a huge runed gate.
 43799 | Vaults:4 | Found a huge runed gate.
 43800 | Vaults:4 | Found a huge runed gate.
 43801 | Vaults:4 | Found a huge runed gate.
 43802 | Vaults:4 | Found a huge runed gate.
 43810 | Vaults:4 | Found a huge runed gate.
 43810 | Vaults:4 | Found a huge runed gate.
 43810 | Vaults:4 | Found a huge runed gate.
 43810 | Vaults:4 | Found a huge runed gate.
 43810 | Vaults:4 | Found a huge runed gate.
 43810 | Vaults:4 | Found a huge runed gate.
 43811 | Vaults:4 | Found a huge runed gate.
 43812 | Vaults:4 | Found a huge runed gate.
 44193 | Vaults:3 | Reached XP level 21. HP: 188/193 MP: 34/34
 44393 | Vaults:5 | Entered Level 5 of the Vaults
 44510 | Vaults:5 | Paralysed by a sphinx for 3 turns
 44510 | Vaults:5 | HP: 6/200 [green very ugly thing (6)]
 44511 | Vaults:5 | Reached skill level 15 in Armour
 44512 | Vaults:5 | Mangled by a vault warden

Illustrated notes

Levels and vault maps discovered:
D:1:      nagdon_arrival_double_spiral, layout_basic, serial_shops, shop,
          hellmonk_ecumenical_altar_lost_god
D:2:      layout_loops_ring, minmay_misc_feat_pillars
D:3:      layout_loops_ring, eino_tiny_chamber
D:4:      layout_basic, lemuel_tele_altar, mainiacjoe_overflow_chevrons,
          serial_glass, glass_columns_b, glass_columns_b, cheibrodos_gnoll_hut,
          uniq_natasha, uniq_eustachio
D:5:      lemuel_castle_with_subvaults [lemuel_castle_interior_carwin_1],
          layout_cave_pools, amcnicky_altar_gilded, cheibriados_altar_1,
          mainiacjoe_overflow_alcove_4, minmay_manual_mail,
          uniq_crazy_yiuf_cottage
D:6:      layout_basic, grunt_gozag_statues, mainiacjoe_overflow_paths,
          gammafunk_ghost_gnarly_gnolls
D:7:      layout_loops_ring, nemelex_diamond_rough_becter,
          minmay_temple_entry_tees, dreamdust_mushroom_princess,
          kennysheep_big_empty_room, minmay_quadrilaterals
D:8:      cheibrodos_frozen_isle, layout_basic, gammafunk_temple_overflow_pools,
          enter_bailey_3, biasface_ghost_orc_armoury
D:9:      layout_roguey, nicolae_yredelemnul_ghost_church, old_standard_altar,
          kennysheep_mini_moat, david_orc_5, serial_shops, shop_statue,
          dilly_guarded_unrand_devastator
D:10:     layout_roguey, mainiacjoe_overflow_surrounded_room,
          cheibrodos_ashenzari_chains, erik_lair_island,
          small_chamber_with_monster
D:11:     layout_long_grid, uniq_snorg
D:12:     layout_cave_pools, serial_shops, shop, kennysheep_generic_room_8
D:13:     layout_small_grid, lightli_vaults_fourway_checkpoint, serial_shops,
          shop_fountains
D:14:     layout_irregular_city, nicolae_eternal_life
D:15:     grunt_enter_depths_hoard, layout_basic
Lair:1:   layout_roguey, gammafunk_ghost_ooze, grunt_megastairs_5
Lair:2:   layout_roguey, gammafunk_ghost_cemetery, grunt_megastairs_4,
          uniq_maggie
Lair:3:   layout_cave_pods, minmay_shoals_entry_beasts,
          minmay_snake_entry_guardpost_large, minmay_holes,
          chequers_serial_rivers_small_3, lemuel_fruit_fields
Lair:4:   layout_cave_pods, slime_entry_2, grunt_megastairs_3, lemuel_fruit_tree
Lair:5:   hangedman_lair_caniforms_friends, layout_cave_pods,
          hangedman_lair_in_review
Shoals:1: layout_shoals, serial_shops, nicolae_shop_hallway_stairs,
          nicolae_shoals_nautilus_by_nature, uniq_roxanne
Shoals:2: layout_shoals, nicolae_shoals_abyss_on_the_beach, uniq_frances
Shoals:3: layout_shoals, gammafunk_ghost_tricky_traps
Shoals:4: shoals_end_grunt_ice, layout_shoals, shoals_ilsuiw_alternative,
          uniq_louise
Snake:1:  layout_layer_cave, gammafunk_ghost_cemetery,
          nicolae_snake_round_shape_thing, statue_in_the_mist_lemuel,
          serial_bayou_shore_a
Snake:2:  layout_rooms, serial_shops, shop, nicolae_snake_gridmaze_zigzag,
          uniq_vashnia, uniq_nikola
Snake:3:  layout_grid_shapes, portal_ice_cave_entry_ugly_swarm
Snake:4:  johnstein_snake_rune_scales, layout_misc_corridors, uniq_aizul
Orc:1:    layout_diamond_mine
Orc:2:    pubby_orc_utopia
Vaults:1: nicolae_vaults_shipping_containers_3, nicolae_vaults_two_Ls,
          nicolae_vaults_tetromino_L_1, vaults_mumra_hex,
          nicolae_vaults_wrenched, grunt_vaults_hallway_long,
          layout_vaults_maze, serial_shops, nicolae_shop_tiny_glass
Vaults:2: v_misc_15, ontoclasm_vaults_tryst, nicolae_vaults_network_periphery,
          v_alt_pattern_1, nicolae_vaults_network_square, v_misc_17,
          hangedman_vaults_hat, nicolae_vaults_storage_closets_2, v_misc_16,
          hangedman_vaults_restitches, nicolae_vaults_trapezoid_lopsided_3,
          vaults_standard_mumra_lines, vaults_dpeg_encased_lava,
          nicolae_vaults_tetromino_T_2, layout_vaults_big_cross,
          minmay_crypt_entry_simple_box
Vaults:3: portal_desolation_entry_holy_temple, nicolae_vaults_hallways_thing,
          nicolae_vaults_double_plus_2, nicolae_vaults_little_squares_2,
          nicolae_vaults_security_offices_4, nicolae_vaults_house_1,
          nicolae_vaults_network_quinsquares
          [nicolae_vaults_network_quincunx_subvault,
          nicolae_vaults_network_quincunx_subvault,
          nicolae_vaults_network_quincunx_subvault,
          nicolae_vaults_network_quincunx_subvault], v_misc_28,
          hangedman_vaults_slice, nicolae_vaults_hexular_roomagon,
          nicolae_vaults_diagonal_hallway_9, hangedman_vaults_corner,
          vaults_standard_mumra_x, nicolae_vaults_six-pack, vaults_room_hallway,
          vaults_room_stairs_pillars, nicolae_vaults_theta,
          layout_vaults_omnibox
Vaults:4: nicolae_vaults_tetromino_L_2, hangedman_vaults_stretched_pinwheel,
          not_door_vault_due, grunt_vaults_funnel, nicolae_vaults_prndl,
          nicolae_vaults_tetromino_L_1, v_misc_30,
          nicolae_vaults_closet_pinwheel_3, nicolae_vaults_trapezoid_lopsided_1,
          v_misc_19, nicolae_vaults_tetromino_L_1, nicolae_vaults_shelves_hall,
          layout_vaults_big_room
Vaults:5: uniq_bai_suzhen

Skill      XL: |  1  2  3  4  5  6  7  8  9 10 11 12 13 14 15 16 17 18 19 20 21 |
---------------+----------------------------------------------------------------+-----
Axes           | 2 3 4 5 7 8 9 10 11 12 13 14 15 16 17 | 17.9
Shields        | 3 4 6 7 9 11 12 14 16 | 16.7
Armour         | 3 4 5 6 7 8 10 11 13 14 15 | 15.0
Dodging        | 1 2 3 5 7 8 9 10 11 | 11.9
Fighting       | 4 5 6 7 8 9 10 11 12 13 14 | 14.8
Invocations    | 4 6 8 9 11 12 13 14 15 16 17 18 19 | 19.6
Throwing       | 1 2 |  2.2
Polearms       | 1 |  1.6
Evocations     | 2 4 6 7 9 10 11 12 13 14 | 14.1
Stealth        | 1 2 |  2.2

Action                     |  1- 3 |  4- 6 |  7- 9 | 10-12 | 13-15 | 16-18 | 19-21 || total
---------------------------+-------+-------+-------+-------+-------+-------+-------++-------
  Melee: War axe           |   116 |   165 |   472 |   629 |   846 |   540 |   897 ||  3665
         Trident           |       |       |       |    43 |       |       |       ||    43
         Touch             |       |       |       |       |   100 |   236 |       ||   336
         Punch             |       |       |       |       |     5 |    18 |       ||    23
         Broad axe         |       |       |       |       |       |   834 |    79 ||   913
  Throw: Dart              |       |     5 |     2 |    37 |       |       |       ||    44
 Invoke: Upheaval          |       |       |     6 |     8 |     1 |     8 |     8 ||    31
         Elemental Force   |       |       |       |       |     6 |    13 |     8 ||    27
         Disaster Area     |       |       |       |       |     1 |     1 |     2 ||     4
  Evoke: Wand              |       |       |       |     2 |       |     1 |       ||     3
         Phantom mirror    |       |       |       |       |       |     2 |       ||     2
         Box of beasts     |       |       |       |       |       |       |     1 ||     1
         Condenser vane    |       |       |       |       |       |       |     1 ||     1
    Use: Scroll            |       |    11 |     5 |    13 |     5 |     8 |     2 ||    44
         Potion            |       |     1 |     2 |     5 |     3 |     5 |     3 ||    19
   Stab: Paralysed         |       |       |       |       |     2 |     6 |     3 ||    11
         Petrified         |       |       |       |       |     3 |       |       ||     3
         Confused          |       |       |       |       |       |     3 |       ||     3
         Distracted        |       |       |       |       |       |       |     3 ||     3
 Armour: Scale mail        |    50 |    31 |       |       |       |       |       ||    81
         Chain mail        |       |    57 |   148 |       |       |       |       ||   205
         Plate armour      |       |       |    88 |       |       |       |       ||    88
         Crystal plate arm |       |       |       |   261 |   371 |   597 |   352 ||  1581
  Dodge: Dodged            |    60 |    60 |   210 |   132 |   269 |   663 |   413 ||  1807
         Repelled          |       |       |       |     2 |     6 |    50 |     9 ||    67
  Block: Buckler           |    50 |   113 |   261 |       |       |       |       ||   424
         Reflection        |     1 |       |     8 |    29 |    19 |   102 |       ||   159
         Kite shield       |       |       |   182 |   703 |   227 |       |       ||  1112
         Other             |       |       |       |       |   354 |   770 |       ||  1124
         Tower shield      |       |       |       |       |       |   227 |  1539 ||  1766

Table legend: (Time is in decaauts)
 A = Elapsed time spent in this place.
 B = Non-inter-level travel time spent in this place.
 C = Inter-level travel time spent in this place.
 D = Time resting spent in this place.
 E = Time spent auto-exploring this place.
 F = Levels seen in this place.
 G = Mean time per level.
                   A        B        C        D        E       F      G
               +--------+--------+--------+--------+--------+-----+--------+
         Total |  44630 |  41473 |   3157 |   4322 |  22002 |  38 | 1174.5 |
       Dungeon |  16916 |  15835 |   1081 |    730 |   8895 |  15 | 1127.7 |
          Lair |   6558 |   5661 |    897 |    575 |   3512 |   5 | 1311.6 |
        Shoals |   4486 |   4245 |    241 |    334 |   2435 |   4 | 1121.5 |
     Snake Pit |   6308 |   5914 |    394 |   1216 |   3053 |   4 | 1577.0 |
  Orcish Mines |   2950 |   2638 |    312 |    515 |   1203 |   2 | 1475.0 |
        Vaults |   5544 |   5313 |    231 |    329 |   2789 |   5 | 1108.8 |
        Bailey |    558 |    558 |      0 |    238 |      0 |   1 |  558.0 |
      Ice Cave |    598 |    598 |      0 |    385 |      0 |   1 |  598.0 |
    Desolation |    708 |    708 |      0 |      0 |    114 |   1 |  708.0 |
               +--------+--------+--------+--------+--------+-----+--------+

Top non-repeatable levels by time:
   Orc:2: 2404 daAuts
 Snake:3: 2010 daAuts
     D:5: 1935 daAuts
  Lair:3: 1797 daAuts
Vaults:3: 1651 daAuts
     D:6: 1610 daAuts
 Snake:4: 1602 daAuts
 Snake:1: 1588 daAuts
Vaults:2: 1540 daAuts
     D:9: 1445 daAuts
     D:8: 1402 daAuts
     D:4: 1321 daAuts
Vaults:4: 1314 daAuts
  Lair:2: 1271 daAuts
  Lair:1: 1269 daAuts
